 Zot Defence DCSS version 0.15.2 (webtiles) character file.

434 profreshinal the Caller (level 7, 0/56 HPs)
             Began as a Hill Orc Summoner on Dec 17, 2016.
             Succumbed to an adder's poison
             ... in the Realm of Zot (Scenario IV: Columnade).
             The game lasted 00:13:56 (652 turns).

profreshinal the Caller (Hill Orc Summoner)          Turns: 652, Time: 00:13:57

HP   0/56        AC  2     Str 11      XL: 7   Next:  0%
MP  13/13        EV 13     Int 17      God:
Gold 0           SH  0     Dex 11      Spells:  2 memorised,  7 levels left

rFire  . . .     SeeInvis .     k - +0 whip
rCold  . . .     Clarity  .     a - +0 robe
rNeg   . . .     rCorr    .     (no shield)
rPois  .         rRot     .     (no helmet)
rElec  .         Spirit   .     (no cloak)
SustAb .         Warding  .     (no gloves)
rMut   .         Stasis   .     (no boots)
Gourm  .                        (no amulet)
MR     .....                    (no ring)
                                (no ring)

@: lethally poisoned, very slightly contaminated, hasted, very quick, not
resistant to hostile enchantments, unstealthy
A: no striking features
a: Make oklob sapling, Make arrow trap, Make plant, Remove Curse, Make burning
bush, Make altar, Make grenades, Make oklob plant


You were in the Realm of Zot.
You were not hungry.

You visited 1 branch

Inventory:

Hand weapons
 k - a +0 whip (weapon)
Missiles
 e - 3 stones (quivered)
Armour
 a - a +0 robe (worn)
Comestibles
 d - a meat ration
 h - a rotting chunk of bat flesh
Scrolls
 i - a scroll of blinking
Potions
 g - a potion of magic
Books
 b - a book of Callings

   Spells                             Type                      Level
   *Summon Small Mammal               Summoning                    1
   Call Imp                           Summoning                    2
   *Call Canine Familiar              Summoning                    3
   Summon Guardian Golem              Hexes/Summoning              4
   Summon Lightning Spire             Summoning/Air                4
   Summon Ice Beast                   Ice/Summoning                4


   Skills:
 + Level 2.5 Fighting
 + Level 1.3 Maces & Flails
 + Level 0.4 Throwing
 + Level 3.4 Dodging
 - Level 1.5 Stealth
 + Level 1.0 Unarmed Combat
 + Level 2.8 Spellcasting
 + Level 5.4 Summonings


You had 7 spell levels left.
You knew the following spells:

 Your Spells              Type           Power        Failure   Level  Hunger
a - Summon Small Mammal   Summ           ###.         1%          1    #......
b - Call Canine Familiar  Summ           ###.....     8%          3    ###....


Dungeon Overview and Level Annotations

Branches:
    Zot (1/1)

Altars:


Message History

You feel better. The adder bites you but does no damage. The adder bites you.
* * * LOW HITPOINT WARNING * * *
Your hound bites the quokka but does no damage.
The quokka barely misses you. The quokka closely misses you.
The worm misses you.
Drink which item? (? for menu, Esc to quit)
You feel yourself speed up. The adder closely misses you.
Your hound closely misses the quokka.
The adder closely misses you. The quokka barely misses you.
The quokka bites you.
* * * LOW HITPOINT WARNING * * *
The adder bites you.
* * * LOW HITPOINT WARNING * * *
You are lethally poisoned!
The adder poisons you!
Your hound misses the quokka. The adder bites you.
* * * LOW HITPOINT WARNING * * *
You are more poisoned.
The adder poisons you!
Drink which item? (? for menu, Esc to quit)
Magic courses through your body.
You die...

▓▓▓▓▓▓▓▓▓ ▓▓▓▓▓ ▓▓...PP..▓▓
▓▓▓▓▓ ▓∆∆∆▓ ▓▓....%....▓▓ ▓∆∆:▓
▓∆∆∆▓▓ ▓...%w.h....▓ ▓▓}}∆▓
▓▓▓▓▓▓▓▓▓▓....r@r%.%.▓▓▓▓▓▓▓▓▓▓
▓▓....)%.r.S.S.%..)....▓▓
▓....).%.........))...▓
▓...▓▓▓▓.......▓▓▓▓...▓
▓▓...▓▓▓▓.....▓▓▓▓...▓▓
▓▓...▓▓▓▓...▓▓▓▓...▓▓
▓▓...▓▓▓▓▓▓▓▓▓...▓▓ ▓▓...▓▓
▓▓...▓▓ ▓▓...▓▓ ▓▓...▓▓


You could see a worm, 2 adders, 3 quokkas, a friendly burning bush, a friendly
oklob sapling and a friendly hound.

Vanquished Creatures
  A yak (Zot)
  2 oozes (Zot)
  A goblin (Zot)
  A rat (Zot)
5 creatures vanquished.

Vanquished Creatures (collateral kills)
  An adder (Zot)
  A worm (Zot)
  2 oozes (Zot)
  8 bats (Zot)
  3 giant cockroaches (Zot)
  3 hobgoblins (Zot)
  3 jackals (Zot)
  A quokka (Zot)
  A giant gecko (Zot)
  5 giant newts (Zot)
  3 goblins (Zot)
  4 kobolds (Zot)
  8 rats (Zot)
43 creatures vanquished.

Vanquished Creatures (others)
  A bat (Zot)
  7 rats (Zot)
8 creatures vanquished.

Grand Total: 56 creatures vanquished

Notes
Turn   | Place    | Note
--------------------------------------------------------------
     0 | Zot      | profreshinal, the Hill Orc Summoner, began the quest for the Orb.
     0 | Zot      | Reached XP level 1. HP: 14/14 MP: 2/2
   275 | Zot      | Reached XP level 2. HP: 20/20 MP: 1/3
   349 | Zot      | HP: 1/20 [kobold (4)]
   356 | Zot      | Reached XP level 3. HP: 23/26 MP: 1/5
   387 | Zot      | Noticed Uniaduicw
   407 | Zot      | Killed Uniaduicw the yak
   407 | Zot      | Reached skill level 1 in Maces & Flails
   407 | Zot      | Reached skill level 1 in Unarmed Combat
   407 | Zot      | Reached skill level 5 in Summonings
   407 | Zot      | Reached XP level 4. HP: 36/36 MP: 1/8
   407 | Zot      | Reached XP level 5. HP: 41/41 MP: 1/9
   407 | Zot      | Reached XP level 6. HP: 48/48 MP: 1/11
   418 | Zot      | Learned a level 3 spell: Call Canine Familiar
   644 | Zot      | Reached XP level 7. HP: 44/56 MP: 5/13
   649 | Zot      | HP: 2/56 [quokka (4)]
   652 | Zot      | Succumbed to an adder's poison

Action                   |  1- 3 |  4- 6 |  7- 9 || total
-------------------------+-------+-------+-------++-------
Melee: Unarmed           |    41 |       |       ||    41
       Whip              |    10 |    14 |     5 ||    29
Throw: Stone             |     3 |       |       ||     3
 Cast: Summon Small Mamm |    13 |       |       ||    13
       Call Canine Famil |       |     2 |       ||     2
 Abil: Make oklob saplin |     1 |       |       ||     1
       Make burning bush |       |     1 |       ||     1
  Use: Potion            |     4 |       |     3 ||     7
 Stab: Distracted        |     1 |     1 |       ||     2
